 Dungeon Crawl Stone Soup version 0.29-a0-887-gcbe080d7e0 (webtiles) character file.

Game seed: 2373221444966686372

149562 zeratav the Alchemist (level 17, -6/122 HPs)
             Began as an Octopode Venom Mage on July 21, 2022.
             Was an Initiate of Gozag.
             Killed from afar by an acid blob (37 damage)
             ... with a splash of acid
             ... on level 5 of the Pits of Slime.
             The game lasted 01:32:37 (46630 turns).

zeratav the Alchemist (Octopode Venom Mage)        Turns: 46630, Time: 01:32:37

Health: -6/122     AC: -6    Str: 14      XL:     17   Next: 51%
Magic:  25/31      EV: 22    Int: 28      God:    Gozag
Gold:   1427       SH:  0    Dex: 11 (13) Spells: 11/36 levels left

rFire   . . .      SeeInvis +   t - +2 short sword (elec) {short}
rCold   + . .      Faith    .   (no shield)
rNeg    . . .      Spirit   .   i - +1 hat "Yxkujocs" {Rampage Int+4 SInv}
rPois   .          Reflect  .   H - amulet of magic regeneration
rElec   .          Harm     .   e - ring of willpower
rCorr   .          Rampage  +   j - +6 ring of strength
Will    ++...                   K - ring of flight
Stlth   ++++++....              Q - ring of wizardry
HPRegen 0.30/turn               Z - +4 ring of evasion
MPRegen 0.62/turn               S - ring of see invisible
                                (no ring)
                                (no ring)

@: corroded, spewing sludge, flying
A: almost no armour, amphibious, 8 rings, camouflage 1, gelatinous body 1,
nimble swimmer 1, tentacles, cold resistance 1, deterioration 1, noise
suppression, devolution 1
a: Renounce Religion, Potion Petition, Call Merchant, Bribe Branch


You were on level 5 of the Pits of Slime.
You worshipped Gozag.
Gozag was most pleased with you.
You visited 5 branches of the dungeon, and saw 31 of its levels.

You collected 8631 gold pieces.
You spent 170 gold pieces at shops.
You paid 7034 gold pieces to Gozag.


Innate Abilities, Weirdness & Mutations

You cannot wear most types of armour.
You are amphibious.
You can wear up to eight rings at the same time.
Your skin changes colour to match your surroundings (Stealth+).
Your rubbery body absorbs attacks. (AC +1, EV +1)
You are camouflaged when in or above water. (Stealth+)
You have tentacles for arms and can constrict up to eight enemies at once.
Your flesh is cold resistant. (rC+)
Your body sometimes deteriorates upon taking damage.
You passively dampen the noise of your surroundings.
You have hidden genetic defects.


   Skills:
 - Level 13.0 Fighting
 - Level 13.0 Dodging
 - Level 10.0 Stealth
 - Level 11.0 Unarmed Combat
 - Level 10.0 Spellcasting
 - Level 8.0 Hexes
 - Level 15.0 Transmutations
 - Level 4.0 Fire Magic
 - Level 5.0 Ice Magic
 - Level 10.0 Poison Magic
 + Level 5.5 Evocations


You had 11 spell levels left.
You knew the following spells:

 Your Spells              Type           Power      Damage    Failure   Level
a - Sting                 Tmut/Pois      100%       1d8       0%          1
b - Poisonous Vapours     Pois/Air       84%        N/A       1%          2
c - Olgreb's Toxic Radia  Pois           63%        N/A       1%          4
d - Ignite Poison         Fire/Tmut/Pois 62%        N/A       1%          3
e - Ice Form              Ice/Tmut       63%        N/A       1%          4
f - Eringya's Noxious Bo  Tmut/Pois      35%        N/A       1%          6
g - Yara's Violent Unrav  Hex/Tmut       34%        3d14      1%          5

Your spell library contained the following spells:

 Spells                   Type           Power      Damage    Failure   Level
 Apportation              Tloc           28%        N/A       1%          1
 Foxfire                  Conj/Fire      100%       2x1d9     1%          1
 Magic Dart               Conj           56%        1d5       1%          1
 Dazzling Flash           Conj/Hex       72%        N/A       1%          3
 Frozen Ramparts          Ice            84%        1d10      1%          3
 Inner Flame              Hex/Fire       47%        N/A       1%          3
 Mephitic Cloud           Conj/Pois/Air  32%        N/A       1%          3
 Ozocubu's Armour         Ice            42%        N/A       1%          3
 Portal Projectile        Hex/Tloc       72%        N/A       1%          3
 Tukima's Dance           Hex            56%        N/A       1%          3
 Alistair's Intoxication  Tmut/Pois      47%        N/A       1%          5
 Searing Ray              Conj           28%        2d5       2%          2
 Static Discharge         Conj/Air       14%        3-5/arc   2%          2
 Conjure Flame            Conj/Fire      25%        6-21      2%          3
 Fulminant Prism          Conj/Hex       18%        3d11      3%          4
 Hailstorm                Conj/Ice       28%        3d8       6%          4
 Summon Ice Beast         Ice/Summ       28%        N/A       6%          4
 Flame Wave               Conj/Fire      25%        2d7       7%          4
 Sticky Flame             Conj/Fire      25%        2d5       7%          4
 Iskenderun's Mystic Bla  Conj/Tloc      14%        2d5       16%         4
 Passage of Golubria      Tloc           14%        N/A       16%         4
 Borgnjor's Vile Clutch   Necr/Erth      7%         N/A       38%         5
 Lightning Bolt           Conj/Air       7%         1d19      38%         5
 Starburst                Conj/Fire      12%        6d5       69%         6
 Ozocubu's Refrigeration  Ice            21%        4d9       83%         7
 Maxwell's Capacitive Co  Air            7%         ∞         100%        8
 Simulacrum               Ice/Necr       Unusable   N/A       N/A         6

Inventory:

Hand Weapons
 n - a +0 antimagic trident {polearm}
   (You found it on level 5 of the Lair of Beasts)
 t - a +2 short sword of electrocution (weapon) {short}
   (You found it on level 3 of the Dungeon)
 w - the +7 Singing Sword {vorpal, sonic wave}
   (You found it on level 7 of the Dungeon)

   It inflicts extra damage upon your enemies.
   It radiates damaging sonic waves as it strikes, especially in combat
   involving dangerous or numerous foes.
Missiles
 k - 4 boomerangs of dispersal {=fthrowing}
Armour
 i - the +1 hat "Yxkujocs" (worn) {Rampage Int+4 SInv}
   (You acquired it on level 6 of the Dungeon)

   Int:       It affects your intelligence (+4).
   SInv:      It lets you see invisible.
   Rampage:   It bestows one free step when moving towards enemies.
 T - a +0 kite shield
   (You found it on level 2 of the Lair of Beasts)
Magical Staves
 W - a staff of air {staff}
   (You found it on level 14 of the Dungeon)
Jewellery
 e - a ring of willpower (left tentacle)
   (You found it on level 1 of the Dungeon)
 j - a +6 ring of strength (right tentacle)
   (You found it on level 11 of the Dungeon)
 x - a ring of ice
   (You found it on level 5 of the Dungeon)
 H - an amulet of magic regeneration (around mantle)
   (You found it on level 13 of the Dungeon)
 K - a ring of flight (on tentacle)
   (You found it on level 1 of the Lair of Beasts)
 Q - a ring of wizardry (on tentacle)
   (You found it on level 3 of the Lair of Beasts)
 R - a ring of poison resistance
   (You found it on level 3 of the Lair of Beasts)
 S - a ring of see invisible (on tentacle)
   (You found it on level 5 of the Lair of Beasts)
 Z - a +4 ring of evasion (on tentacle)
   (You found it on level 2 of the Spider Nest)
Wands
 o - a wand of charming (11)
   (You took it off Ijyb on level 4 of the Dungeon)
 G - a wand of light (18)
   (You found it on level 1 of the Lair of Beasts)
 L - a wand of digging (7)
   (You took it off Nergalle on level 1 of the Lair of Beasts)
 N - a wand of roots (5)
   (You found it on level 3 of the Lair of Beasts)
Scrolls
 b - 6 scrolls of poison {!r}
 d - 10 scrolls of teleportation {@r4}
 h - 5 scrolls of magic mapping {!r}
 l - 4 scrolls of vulnerability {!r!r}
 p - 6 scrolls of blinking {!r}
 r - 10 scrolls of immolation {!r!r}
 s - 6 scrolls of identify {@r1}
 z - 3 scrolls of enchant weapon
 B - 5 scrolls of amnesia
 E - a scroll of brand weapon
 F - 4 scrolls of enchant armour
 M - 5 scrolls of butterflies
 P - a scroll of fear
 U - a scroll of silence {!r}
Potions
 a - 2 potions of magic
 c - 6 potions of brilliance
 f - 7 potions of haste {@q3}
 m - 4 potions of invisibility
 q - 3 potions of attraction {!q}
 u - 3 potions of curing {@q1}
 v - 4 potions of flight
 D - 2 potions of mutation {!q}
 I - 3 potions of might
 O - 3 potions of resistance
 V - 2 potions of lignification {!q}
 X - a potion of cancellation {unknown}
 Y - a potion of ambrosia {unknown}
Miscellaneous
 g - a phantom mirror
   (You found it on level 11 of the Dungeon)

Dungeon Overview and Level Annotations

Branches:
Dungeon (15/15) Zot: 25418  Temple (0/1) D:7            Lair (5/5) D:11 Zot: 18452
  Swamp (0/4) Lair:2       Spider (4/4) Lair:2 Zot: 16490   Slime (5/5) Lair:4 Zot: 26567
    Orc (2/2) D:11 Zot: 8993     Elf (0/3) Orc:2
 Vaults: D:13-14     Depths: D:15

Altars:
Cheibriados
Elyvilon
Gozag
Kikubaaqudgha
Makhleb
Sif Muna
Uskayaw
Wu Jian
Zin
The Shining One

Shops:
D:13 *:?*:   Orc:2 *[!(   Spider:3 ?

Portals:
Trove: D:15 (show slimy rune of Zot)

Annotations:
D:7 exclusion: downstairs
D:12 exclusion: downstairs
D:13 3 runed translucent doors, Daste's ghost, journeyman OpIE; Kirke
D:14 exclusion: 5 skeletal warriors
D:15 exclusions: efreet, simulacrum and 1 more exclusion
Lair:4 exclusions: jelly and slime creature
Spider:3 exclusion: downstairs
Spider:4 Mlioglotl
Slime:2 exclusion: shining eye

...........J...
.......................#
.......................#
......................##
.........≈≈≈≈≈≈≈≈≈$....##
.........≈≈≈≈≈≈≈≈≈......####
.........≈$≈≈≈≈≈≈≈.......#.###
.........≈≈≈≈≈≈≈≈≈....$$.....#
..........J≈≈@≈≈≈≈......<.....
.#.#...##.#.≈≈≈≈≈≈............
##.# ####.≈≈≈≈≈............ #.
#..≈≈≈≈............ $ #
###.≈≈≈............
#................
##............... $$ $ $
#............... $
#...............


You could see an acid blob (very poisoned).


Message History

Poisonous vapours surround the golden eye!
The golden eye looks as sick as possible!
MP[-1]
You lost 1 mp, and now have 29/31 mp.
Casting: Poisonous Vapours (safe; 1% risk of failure)
Confirm with . or Enter, or press ? or * to list all spells.
You ignite the poison in your surroundings!
The golden eye seems to burn from within!!!!
You kill the golden eye!
MP[-2]
You lost 2 mp, and now have 27/31 mp.
You start resting.
MP[+4]
Your mp is fully restored (31).
You see here 6 gold pieces.
Casting: Ignite Poison (safe; 1% risk of failure)
Confirm with . or Enter, or press ? or * to list all spells.
You can't see any susceptible monsters within range! (Use Z to cast anyway.) Unknown command.
An acid blob comes into view.
The acid blob spits acid at you. The splash of acid hits you!!
The acid corrodes you!
HP[-31]
You take 31 damage, and now have 91/122 hp.
MASSIVE DAMAGE!! (PAUSE)
Casting: Ignite Poison (safe; 1% risk of failure)
Confirm with . or Enter, or press ? or * to list all spells.
Casting: Eringya's Noxious Bog (dangerous; 1% risk of failure)
Press: ? - help, Dir - look around, f - activate You spew toxic sludge!
The acid blob festers in the toxic bog.
The acid blob is poisoned.
MP[-5]
You lost 5 mp, and now have 26/31 mp.
The acid blob festers in the toxic bog!
The acid blob looks as sick as possible!
HP[+1] MP[+1]
Casting: Eringya's Noxious Bog (dangerous; 1% risk of failure)
Confirm with . or Enter, or press ? or * to list all spells.
You ignite the poison in your surroundings!
The acid blob seems to burn from within!!!!
You kill the acid blob!
You are engulfed in blazing flames.
You feel your dexterity returning.
HP[-26] MP[-3]
You take 26 damage, and now have 66/122 hp.
MASSIVE DAMAGE!! (PAUSE)
You lost 3 mp, and now have 24/31 mp.
You're standing in a cloud of flame!
MP[+1]
You start resting.
Your noxious spew wanes.
HP[+2] MP[+2]
You regained 2 hp, and now have 68/122 hp.
You regained 2 mp, and now have 27/31 mp.
You start resting.
You are no longer corroded.
HP[+2] MP[+4]
You regained 2 hp, and now have 70/122 hp.
Your mp is fully restored (31).
You start resting.
HP[+52]
Your hp is fully restored (122).
You see here 6 gold pieces.
You see here 6 gold pieces.
An acid blob comes into view.
The acid blob quivers.
The acid blob spits acid at you. The splash of acid hits you!!
HP[-28]
You take 28 damage, and now have 94/122 hp.
MASSIVE DAMAGE!! (PAUSE)
The acid blob spits acid at you. The splash of acid hits you!!
Your body deteriorates!
You feel clumsy.
HP[-25]
You take 25 damage, and now have 69/122 hp.
MASSIVE DAMAGE!! (PAUSE) HP[+1]
The acid blob spits acid at you. The splash of acid hits you!
* * * LOW HITPOINT WARNING * * *
The acid corrodes you!
HP[-17]
You take 17 damage, and now have 53/122 hp.
The acid blob spits acid at you. The splash of acid hits you!!
* * * LOW HITPOINT WARNING * * *
The acid corrodes you!
HP[-22]
You take 22 damage, and now have 31/122 hp.
Casting: Ignite Poison (safe; 1% risk of failure)
Confirm with . or Enter, or press ? or * to list all spells.
Casting: Eringya's Noxious Bog (dangerous; 1% risk of failure)
Press: ? - help, Dir - look around, f - activate You spew toxic sludge!
The acid blob festers in the toxic bog.
The acid blob is poisoned.
The acid blob spits acid at you. The splash of acid hits you!!!
You die...
Your body crumbles into a pile of gold.

Skill      XL: |  1  2  3  4  5  6  7  8  9 10 11 12 13 14 15 16 17 |
---------------+----------------------------------------------------+-----
Stealth        | 3 4 5 6 10 | 10.0
Poison Magic   | 4 5 7 8 10 | 10.0
Fighting       | 1 5 7 9 10 11 13 | 13.0
Dodging        | 5 7 9 10 11 13 | 13.0
Fire Magic     | 3 4 |  4.0
Transmutations | 3 7 10 11 13 15 | 15.0
Ice Magic      | 5 |  5.0
Spellcasting   | 5 7 9 10 | 10.0
Unarmed Combat | 3 8 11 | 11.0
Hexes          | 5 8 |  8.0
Evocations     | 5 |  5.5

Action                   |  1- 3 |  4- 6 |  7- 9 | 10-12 | 13-15 | 16-18 || total
-------------------------+-------+-------+-------+-------+-------+-------++-------
Melee: Unarmed           |    13 |       |       |   138 |   286 |    16 ||   453
       Constrict         |    13 |    11 |    12 |    12 |     3 |     5 ||    56
       Tentacles         |     9 |    13 |    11 |    17 |    12 |    11 ||    73
       Club              |    18 |       |       |       |       |       ||    18
       Dagger            |     9 |    32 |       |       |       |       ||    41
       Short sword       |       |    38 |    59 |    48 |    33 |    10 ||   188
       Punch             |       |       |       |       |     1 |     5 ||     6
       Trident           |       |       |       |       |       |    20 ||    20
 Cast: Sting             |     8 |    23 |    28 |     8 |     5 |     1 ||    73
       Poisonous Vapours |     9 |     8 |    23 |    75 |   162 |    70 ||   347
       Olgreb's Toxic Ra |       |       |    14 |    33 |    80 |    64 ||   191
       Ignite Poison     |       |       |     8 |    54 |   152 |   122 ||   336
       Ice Form          |       |       |       |    17 |    40 |    12 ||    69
       Eringya's Noxious |       |       |       |       |    23 |    47 ||    70
Invok: Potion Petition   |       |       |       |     1 |       |       ||     1
       Call Merchant     |       |       |       |       |     5 |     1 ||     6
 Abil: End Transformatio |       |       |       |       |     2 |     1 ||     3
Evoke: Wand              |       |       |       |     2 |     8 |       ||    10
  Use: Scroll            |       |       |    13 |     8 |    10 |       ||    31
       Potion            |       |       |     2 |     6 |    14 |     4 ||    26
 Stab: Sleeping          |     4 |    19 |     3 |     3 |     7 |       ||    36
       Distracted        |     1 |     1 |       |       |     1 |       ||     3
Armor: Skin              |     1 |     1 |     4 |    42 |   115 |    50 ||   213
Dodge: Dodged            |    23 |    35 |    81 |   142 |   293 |   170 ||   744

Levels and vault maps discovered:
D:1:      giann_horns, layout_loops_ring, minmay_tetromino_o2
D:2:      layout_rooms, ebering_ecumenical_altar_box
D:3:      layout_basic, minmay_misc_feat_encased, minivault_14
D:4:      layout_basic, chei_slow_surprise, grunt_ministairs_3,
          minmay_increasing_density, uniq_ijyb
D:5:      layout_rooms, nicolae_kikubaaqudgha_miasma_corner,
          general_overflow_altar
D:6:      layout_gridville, lightli_temple_of_fire, skrybe_limestone_x
D:7:      old_forge, layout_basic, lemuel_doored_altar,
          mainiacjoe_overflow_boulevard, minmay_temple_entry_junction,
          hangedman_abyss_or_decor_slice, uniq_duvessa, uniq_pikel
D:8:      layout_rooms, led_sif_pool, uniq_joseph, uniq_erica
D:9:      layout_rooms, lemuel_round_altar, hangedman_decor_clover_reticule,
          chequers_serial_rivers_micro_d, uniq_prince_ribbit1
D:10:     layout_basic, lemuel_coloured_pillars_altar
D:11:     layout_long_grid, lair_entry_dummy, erik_orc_4
D:12:     layout_gridville
D:13:     layout_big_octagon, ebering_ghost_rock_garden,
          nicolae_fountain_basement, uniq_kirke
D:14:     layout_roguey, david_vaults_5, minmay_misc_feat_room, eino_jars
D:15:     grunt_enter_depths_hoard, layout_small_grid,
          nicolae_trove_entry_free_sample, nicolae_uskayaw_en_pointe
Lair:1:   statuecave_lemuel, layout_cave_pods, grunt_megastairs_3, uniq_nergalle
Lair:2:   layout_roguey, swamp_mist, hellmonk_spider_entry_not_the_bees,
          uniq_harold
Lair:3:   layout_gridlike
Lair:4:   layout_hall_layers, minmay_slime_entry_jelly_boxes, roderic_batcave,
          nicolae_lair_time_for_slime, uniq_urug
Lair:5:   evilmike_catoblepas_cave, layout_hall_layers,
          chequers_serial_rivers_micro_e, evilmike_ambush
          [evilmike_ambush_outer_doors, evilmike_ambush_inner_pond]
Spider:1: layout_spider_delve, uniq_josephine
Spider:2: layout_spider_delve, spiders_nest_spider_trap
Spider:3: layout_chambers
Spider:4: hellmonk_spider_rune_endless_swarm,
          hangedman_spider_tarantella_strand, uniq_mlioglotl
Slime:1:  layout_caves
Slime:2:  layout_caves
Slime:3:  layout_caves
Slime:4:  layout_caves, cheibrodos_slime_lost_civilization_7
Slime:5
Orc:1:    layout_caves, uniq_fannar, uniq_maurice
Orc:2:    st_orc_ogre_mass, layout_caves

Notes
Turn   | Place    | Note
-------+----------+-------------------------------------------
     0 | D:1      | zeratav the Octopode Venom Mage began the quest for the
                  | Orb.
     0 | D:1      | Reached XP level 1. HP: 11/11 MP: 3/3
     0 | D:1      | magus.rc [v1.9.6]
    46 | D:1      | Reached skill level 3 in Stealth
   385 | D:1      | Reached XP level 2. HP: 17/17 MP: 5/5
   420 | D:1      | Reached skill level 4 in Poison Magic
  1367 | D:2      | Found a faded altar of an unknown god.
  1371 | D:2      | Reached XP level 3. HP: 10/21 MP: 4/6
  1589 | D:2      | HP: 4/21 [gnoll/+0 spear (6)]
  1854 | D:2      | Learned a level 2 spell: Poisonous Vapours
  1870 | D:2      | Reached skill level 4 in Stealth
  2141 | D:2      | Reached XP level 4. HP: 27/27 MP: 1/7
  2329 | D:2      | Reached skill level 5 in Poison Magic
  2398 | D:2      | Reached skill level 5 in Stealth
  2929 | D:3      | You pick up a book of the Tundra and begin reading...
  2929 | D:3      | You add the spells Hailstorm, Ice Form and Simulacrum to
                  | your library.
  3090 | D:3      | You add the spells Conjure Flame, Ignite Poison and Sticky
                  | Flame to your library.
  3140 | D:3      | Reached XP level 5. HP: 31/31 MP: 8/8
  3665 | D:4      | Noticed Ijyb
  3674 | D:4      | Killed Ijyb
  3675 | D:4      | Reached skill level 6 in Poison Magic
  4008 | D:4      | Reached skill level 7 in Poison Magic
  4008 | D:4      | Reached XP level 6. HP: 29/36 MP: 9/9
  4304 | D:4      | Learned a level 4 spell: Olgreb's Toxic Radiance
  4896 | D:4      | Found a snail-covered altar of Cheibriados.
  5226 | D:5      | Entered Level 5 of the Dungeon
  5226 | D:5      | Found an ornate altar of the Wu Jian Council.
  5232 | D:5      | Reached skill level 8 in Poison Magic
  5293 | D:5      | Reached XP level 7. HP: 24/41 MP: 4/10
  5661 | D:5      | Learned a level 3 spell: Ignite Poison
  5825 | D:5      | Found an ancient bone altar of Kikubaaqudgha.
  6130 | D:6      | Reached skill level 9 in Poison Magic
  6223 | D:6      | Identified 2 scrolls of acquirement
  6223 | D:6      | Acquired the +1 hat "Yxkujocs" {Rampage Int+4 SInv}
  6255 | D:5      | Acquired Great Wizards, Vol. II
  6256 | D:5      | You add the spells Alistair's Intoxication, Borgnjor's Vile
                  | Clutch and Eringya's Noxious Bog to your library.
  6669 | D:6      | Reached skill level 10 in Poison Magic
  6669 | D:6      | Reached skill level 1 in Fighting
  7002 | D:6      | Reached XP level 8. HP: 48/48 MP: 2/11
  7007 | D:6      | Reached skill level 2 in Fighting
  7007 | D:6      | Reached skill level 3 in Dodging
  7516 | D:6      | Reached skill level 3 in Fighting
  7857 | D:6      | Found a burning altar of Makhleb.
  8116 | D:7      | Reached skill level 4 in Dodging
  8242 | D:7      | Reached skill level 4 in Fighting
  8255 | D:7      | Reached skill level 5 in Dodging
  8256 | D:7      | Found the +7 Singing Sword {vorpal, sonic wave}
  8392 | D:7      | Noticed Dowan
  8393 | D:7      | Noticed Duvessa
  8397 | D:7      | Killed Duvessa
  8398 | D:7      | Reached skill level 5 in Fighting
  8398 | D:7      | Reached XP level 9. HP: 60/61 MP: 0/12
  8661 | D:7      | HP: 14/61 [poisoned by a water moccasin]
  8664 | D:7      | Reached skill level 6 in Dodging
  8665 | D:7      | HP: 6/61 [poisoned by a water moccasin]
  8804 | D:7      | Killed Dowan
  8901 | D:7      | Found an opulent altar of Gozag.
  8908 | D:7      | Found a glowing silver altar of Zin.
  8909 | D:7      | Became a worshipper of Gozag Ym Sagoz the Greedy
  8922 | D:7      | HP: 15/61 [bullfrog (1)]
  8927 | D:7      | HP: 10/62 [poisoned by a water moccasin]
  9242 | D:7      | Reached skill level 6 in Fighting
  9278 | D:7      | Found a staircase to the Ecumenical Temple.
  9288 | D:7      | Noticed Pikel
  9290 | D:7      | Killed Pikel
  9291 | D:7      | Reached skill level 7 in Fighting
  9291 | D:7      | Reached skill level 7 in Dodging
  9291 | D:7      | Reached skill level 1 in Fire Magic
  9377 | D:7      | Reached skill level 2 in Transmutations
  9828 | D:8      | Reached skill level 2 in Fire Magic
  9830 | D:8      | Reached skill level 3 in Transmutations
  9830 | D:8      | Noticed Joseph
  9831 | D:8      | Reached skill level 3 in Fire Magic
  9929 | D:8      | Reached XP level 10. HP: 68/71 MP: 1/13
 10219 | D:8      | Killed Joseph
 10220 | D:8      | Reached skill level 4 in Transmutations
 10220 | D:8      | Reached skill level 4 in Fire Magic
 10221 | D:8      | Noticed Erica
 10644 | D:8      | Reached skill level 5 in Transmutations
 10646 | D:8      | Reached skill level 1 in Ice Magic
 10686 | D:8      | Killed Erica
 10687 | D:8      | Reached skill level 6 in Transmutations
 10687 | D:8      | Reached skill level 3 in Ice Magic
 11052 | D:8      | Found a shimmering blue altar of Sif Muna.
 11423 | D:9      | Reached skill level 4 in Ice Magic
 11962 | D:9      | Noticed a two-headed ogre
 11968 | D:9      | Killed a two-headed ogre
 11969 | D:9      | Reached skill level 7 in Transmutations
 12034 | D:9      | Reached skill level 5 in Ice Magic
 12131 | D:9      | Noticed Prince Ribbit
 12134 | D:9      | Killed Prince Ribbit
 12243 | D:9      | Reached XP level 11. HP: 55/75 MP: 6/14
 12583 | D:9      | Found a white marble altar of Elyvilon.
 12591 | D:9      | Reached skill level 3 in Spellcasting
 12799 | D:10     | Entered Level 10 of the Dungeon
 12894 | D:10     | Reached skill level 8 in Transmutations
 13012 | D:10     | Learned a level 4 spell: Ice Form
 13525 | D:10     | Noticed a wizard
 13533 | D:10     | Killed a wizard
 13534 | D:10     | Reached skill level 4 in Spellcasting
 13675 | D:10     | Found a glowing golden altar of the Shining One.
 13717 | D:11     | Found a staircase to the Orcish Mines.
 13733 | D:11     | Noticed a manticore
 13738 | D:11     | Killed a manticore
 13752 | D:11     | HP: 16/75 [warg (16)]
 13961 | D:11     | Reached skill level 5 in Spellcasting
 13961 | D:11     | Reached skill level 9 in Transmutations
 13986 | D:11     | Noticed a two-headed ogre
 13989 | D:11     | Killed a two-headed ogre
 14189 | D:11     | Noticed a cyclops
 14192 | D:11     | Killed a cyclops
 14243 | D:11     | HP: 18/90 [wraith (10)]
 14248 | D:11     | HP: 15/90 [wraith (11)]
 14427 | D:11     | Noticed a manticore
 14430 | D:11     | Killed a manticore
 14431 | D:11     | Reached skill level 10 in Transmutations
 14431 | D:11     | Reached skill level 1 in Unarmed Combat
 14616 | D:11     | Reached skill level 2 in Unarmed Combat
 14720 | D:11     | Noticed a boulder beetle
 14726 | D:11     | Killed a boulder beetle
 14727 | D:11     | Reached skill level 3 in Unarmed Combat
 14825 | D:11     | Found a staircase to the Lair.
 15155 | D:12     | Noticed a red ugly thing
 15193 | Lair:1   | Entered Level 1 of the Lair of Beasts
 15696 | Lair:1   | Reached skill level 6 in Stealth
 15696 | Lair:1   | Reached XP level 12. HP: 74/81 MP: 7/19
 15973 | Lair:1   | Reached skill level 7 in Stealth
 16270 | Lair:1   | Reached skill level 8 in Fighting
 16270 | Lair:1   | Reached skill level 8 in Dodging
 16548 | Lair:1   | You pick up a book of Flames and begin reading...
 16548 | Lair:1   | You add the spells Foxfire, Inner Flame and Flame Wave to
                  | your library.
 17118 | Lair:1   | Noticed Nergalle
 17121 | Lair:1   | Killed Nergalle
 17122 | Lair:1   | Reached skill level 8 in Stealth
 17245 | Lair:2   | Found a staircase to the Swamp.
 17554 | Lair:2   | You add the spells Tukima's Dance, Passage of Golubria and
                  | Yara's Violent Unravelling to your library.
 17656 | Lair:2   | Found a hole to the Spider Nest.
 17797 | Lair:2   | Reached skill level 9 in Stealth
 18049 | Lair:2   | Reached skill level 9 in Fighting
 18049 | Lair:2   | Reached skill level 9 in Dodging
 18357 | Lair:2   | Noticed Harold
 18800 | Lair:3   | Reached skill level 10 in Stealth
 18924 | Lair:3   | Noticed a catoblepas
 18932 | Lair:3   | Killed a catoblepas
 19200 | Lair:3   | Reached XP level 13. HP: 79/91 MP: 8/20
 19603 | Lair:3   | Reached skill level 10 in Fighting
 19603 | Lair:3   | Reached skill level 10 in Dodging
 19603 | Lair:3   | Reached skill level 1 in Hexes
 19607 | Lair:3   | Reached skill level 2 in Hexes
 19951 | Lair:4   | Noticed Urug
 19957 | Lair:4   | Killed Urug
 20118 | Lair:4   | Noticed a quicksilver ooze
 20300 | Lair:4   | You add the spells Apportation and Portal Projectile to
                  | your library.
 20300 | Lair:4   | Got the Exposition on the Voyage
 20502 | Lair:4   | Reached skill level 6 in Spellcasting
 20502 | Lair:4   | Reached skill level 3 in Hexes
 20734 | Lair:4   | Found a staircase to the Slime Pits.
 21288 | Lair:4   | Reached skill level 4 in Hexes
 21532 | Lair:4   | Reached skill level 11 in Transmutations
 22072 | Lair:5   | Entered Level 5 of the Lair of Beasts
 22126 | Lair:5   | HP: 23/110 [cane toad (13)]
 22673 | Lair:5   | Reached skill level 7 in Spellcasting
 22673 | Lair:5   | Reached skill level 5 in Hexes
 22746 | Lair:5   | Reached XP level 14. HP: 43/99 MP: 1/25
 23049 | Lair:5   | You pick up a book of Rime and begin reading...
 23049 | Lair:5   | You add the spells Frozen Ramparts and Summon Ice Beast to
                  | your library.
 23312 | Lair:5   | Reached skill level 6 in Hexes
 24079 | Lair:5   | Reached skill level 8 in Spellcasting
 24079 | Lair:5   | Reached skill level 12 in Transmutations
 24538 | Lair:5   | Reached skill level 7 in Hexes
 25003 | Orc:1    | Entered Level 1 of the Orcish Mines
 25017 | Orc:1    | Noticed Fannar
 25021 | Orc:1    | Killed Fannar
 25143 | Orc:1    | Noticed Maurice
 25157 | Orc:1    | Killed Maurice
 25449 | Orc:2    | Entered Level 2 of the Orcish Mines
 26224 | Orc:2    | Paralysed by an ogre mage for 4 turns
 26231 | Orc:2    | Reached skill level 9 in Spellcasting
 26231 | Orc:2    | Reached skill level 8 in Hexes
 26731 | Orc:2    | Reached skill level 13 in Transmutations
 26903 | Orc:2    | Identified a +2 robe of the Archmagi
 27361 | Orc:2    | Found Imukh's Distillery.
 27361 | Orc:2    | Found Cahoxeam's General Store.
 27361 | Orc:2    | Found Bikeymy's Weapon Shop.
 27361 | Orc:2    | Found Mass's Antique Armour Emporium.
 27369 | Orc:2    | Reached XP level 15. HP: 101/103 MP: 28/28
 27443 | Orc:2    | Bought a scroll of butterflies for 40 gold pieces
 27444 | Orc:2    | Bought a potion of heal wounds for 70 gold pieces
 27784 | Orc:2    | Found a staircase to the Elven Halls.
 28040 | D:12     | HP: 24/123 [red ugly thing (27)]
 28043 | D:12     | HP: 11/123 [red ugly thing (24)]
 28461 | D:11     | Learned a level 6 spell: Eringya's Noxious Bog
 28467 | D:11     | Learned a level 5 spell: Yara's Violent Unravelling
 28598 | D:12     | Reached skill level 10 in Spellcasting
 29353 | D:12     | Reached skill level 14 in Transmutations
 29535 | D:12     | You pick up a book of Lightning and begin reading...
 29535 | D:12     | You add the spells Static Discharge, Lightning Bolt and
                  | Maxwell's Capacitive Coupling to your library.
 29848 | D:13     | Noticed Kirke
 31487 | D:13     | Found a runed translucent gate.
 31487 | D:13     | Found a runed translucent gate.
 31488 | D:13     | Found a runed translucent gate.
 31498 | D:13     | Noticed Daste's ghost (journeyman OpIE)
 32173 | D:14     | Reached skill level 15 in Transmutations
 32540 | D:14     | You are sucked into a shaft and drop 1 floor!
 32540 | D:15     | Entered Level 15 of the Dungeon
 32577 | D:15     | Found a portal to a secret trove of treasure.
 32590 | D:15     | This trove requires the presence of the slimy rune of Zot
                  | to function. Show it the item?
 33454 | D:15     | Found a hide-covered altar of Uskayaw.
 34172 | Spider:1 | Entered Level 1 of the Spider Nest
 34176 | Spider:1 | HP: 21/105 [spark wasp (12)]
 34178 | Spider:1 | HP: 3/105 [spark wasp/living lightning (34)]
 34535 | Spider:1 | Reached skill level 11 in Fighting
 34535 | Spider:1 | Reached skill level 11 in Dodging
 34541 | Spider:1 | Identified a +0 robe of the Archmagi
 34541 | Spider:1 | Noticed Josephine
 34549 | Spider:1 | Killed Josephine
 34555 | Spider:1 | HP: 31/127 [steelbarb worm (15)]
 34588 | Spider:1 | HP: 31/128 [wraith[Josephine] (4)]
 34593 | Spider:1 | HP: 24/128 [wraith[Josephine] (4)]
 35158 | Spider:1 | HP: 18/118 [pharaoh ant (21)]
 35557 | Lair:2   | Killed Harold
 35741 | Spider:1 | HP: 25/106 [redback simulacrum (9)]
 36072 | Spider:1 | Reached XP level 16. HP: 95/98 MP: 21/30
 36377 | Spider:1 | You pick up a book of Spectacle and begin reading...
 36377 | Spider:1 | You add the spells Dazzling Flash, Iskenderun's Mystic
                  | Blast and Starburst to your library.
 37335 | Spider:2 | Reached skill level 12 in Dodging
 37340 | Spider:2 | Reached skill level 12 in Fighting
 37747 | Spider:2 | You add the spells Ozocubu's Armour and Ozocubu's
                  | Refrigeration to your library.
 39679 | Spider:3 | You pick up a book of Conjurations and begin reading...
 39679 | Spider:3 | You add the spells Magic Dart, Searing Ray and Fulminant
                  | Prism to your library.
 39688 | Spider:3 | Reached skill level 13 in Fighting
 39688 | Spider:3 | Reached skill level 13 in Dodging
 39990 | Spider:3 | Bought a scroll of teleportation for 60 gold pieces
 40091 | Spider:3 | Reached skill level 4 in Unarmed Combat
 40100 | Spider:3 | HP: 29/117 [poisoned by a wolf spider]
 40898 | Spider:3 | Reached skill level 5 in Unarmed Combat
 41686 | Spider:4 | Entered Level 4 of the Spider Nest
 41727 | Spider:4 | Reached skill level 6 in Unarmed Combat
 41872 | Spider:4 | Reached skill level 7 in Unarmed Combat
 42448 | Spider:4 | Reached skill level 8 in Unarmed Combat
 42824 | Spider:4 | Reached XP level 17. HP: 70/122 MP: 20/31
 43149 | Spider:4 | Noticed Mlioglotl
 43239 | Slime:1  | Entered Level 1 of the Pits of Slime
 43254 | Slime:1  | Reached skill level 9 in Unarmed Combat
 43342 | Slime:2  | Noticed an acid blob
 43352 | Slime:2  | Killed an acid blob
 43376 | Slime:2  | HP: 23/122 [acid (16)]
 43803 | Slime:2  | Noticed an acid blob
 43812 | Slime:2  | Killed an acid blob
 43813 | Slime:2  | Reached skill level 10 in Unarmed Combat
 44628 | Slime:3  | Gained mutation: Your spells are a little easier to cast,
                  | but a little less powerful. [a shining eye]
 44734 | Slime:3  | Lost mutation: Your spells are a little easier to cast, but
                  | a little less powerful. [potion of mutation]
 44734 | Slime:3  | Gained mutation: You are frail. (-10% HP) [potion of
                  | mutation]
 44734 | Slime:3  | Gained mutation: One of your tentacles bears a spike.
                  | [potion of mutation]
 44734 | Slime:3  | Gained mutation: You are partially covered in iridescent
                  | scales. (AC +2) [potion of mutation]
 44735 | Slime:3  | Lost mutation: One of your tentacles bears a spike. [potion
                  | of mutation]
 44735 | Slime:3  | Lost mutation: You are frail. (-10% HP) [potion of
                  | mutation]
 44735 | Slime:3  | Lost mutation: You are partially covered in iridescent
                  | scales. (AC +2) [potion of mutation]
 44735 | Slime:3  | Gained mutation: You are dopey. (Int -2) [potion of
                  | mutation]
 44735 | Slime:3  | Gained mutation: Your flesh is cold resistant. (rC+)
                  | [potion of mutation]
 44736 | Slime:3  | Lost mutation: Your flesh is cold resistant. (rC+) [potion
                  | of mutation]
 44736 | Slime:3  | Lost mutation: You are dopey. (Int -2) [potion of mutation]
 44736 | Slime:3  | Gained mutation: You are agile. (Dex +4, Str/Int -1)
                  | [potion of mutation]
 44736 | Slime:3  | Gained mutation: Your body sometimes deteriorates upon
                  | taking damage. [potion of mutation]
 44736 | Slime:3  | Gained mutation: You passively dampen the noise of your
                  | surroundings. [potion of mutation]
 45084 | Slime:3  | Reached skill level 11 in Unarmed Combat
 45490 | Slime:4  | Reached skill level 1 in Evocations
 45502 | Slime:4  | Noticed an acid blob
 45502 | Slime:4  | Gained mutation: You have hidden genetic defects. [a
                  | shining eye]
 45518 | Slime:4  | Noticed an acid blob
 45525 | Slime:4  | Killed an acid blob
 45526 | Slime:4  | Reached skill level 2 in Evocations
 45810 | Slime:4  | Gained mutation: Your flesh is cold resistant. (rC+) [a
                  | shining eye]
 45811 | Slime:4  | Lost mutation: You are agile. (Dex +4, Str/Int -1) [a
                  | shining eye]
 45819 | Slime:4  | Killed an acid blob
 45820 | Slime:4  | Reached skill level 3 in Evocations
 46111 | Slime:4  | Reached skill level 4 in Evocations
 46198 | Slime:5  | Entered Level 5 of the Pits of Slime
 46205 | Slime:5  | Reached skill level 5 in Evocations
 46405 | Slime:5  | Noticed an acid blob
 46413 | Slime:5  | Killed an acid blob
 46622 | Slime:5  | Noticed an acid blob
 46630 | Slime:5  | Killed from afar by an acid blob

Vanquished Creatures
  5 acid blobs
  2 rockslimes
  4 emperor scorpions
  2 azure jellies
  2 broodmothers
  6 quicksilver oozes
  5 entropy weavers
  2 spark wasps (Spider:1)
  Josephine (Spider:1)
  11 boulder beetles
  Harold (Lair:2)
  2 hydras
  4 ogre magi (Orc:2)
  Fannar (Orc:1)
  3 radroaches (Spider:2)
  4 catoblepae
  2 centaur warriors
  Erica (D:8)
  A jorogumo (Lair:2)
  13 two-headed ogres
  15 death yaks
  Urug (Lair:4)
  Nergalle (Lair:1)
  3 pharaoh ants
  2 sun moths
  6 steelbarb worms
  4 orb spiders
  Pikel (D:7)
  2 wizards
  A deep elf pyromancer (D:15)
  2 orc sorcerers (Orc:2)
  5 ugly things
  3 shining eyes
  16 wolf spiders
  5 cyclopes
  3 moths of wrath
  6 manticores
  A salamander (shapeshifter) (D:13)
  Joseph (D:8)
  11 elephants
  4 black mambas
  An eye of devastation (Slime:3)
  Maurice (Orc:1)
  10 cane toads
  2 unseen horrors
  A gargoyle (D:12)
  2 torpor snails
  7 demonic crawlers
  2 komodo dragons (Lair:4)
  4 rime drakes
  A tengu conjurer (D:15)
  2 trolls
  9 meliai
  2 hornets
  11 tarantellas
  2 polar bears (Lair:5)
  Prince Ribbit (D:9)
  A hornet (shapeshifter) (D:14)
  14 blink frogs
  A dream sheep (Lair:5)
  8 jumping spiders
  49 slime creatures
  11 culicivoras
  A shadow (D:11)
  7 wraiths
  49 yaks
  3 wyverns
  8 vampire mosquitoes
  A human (D:11)
  2 basilisks
  8 golden eyes
  62 redbacks
  3 wargs
  An acid dragon (D:10)
  11 water moccasins
  Duvessa (D:7)
  11 orc warriors
  A black bear (D:8)
  A sky beast (D:7)
  A black bear (shapeshifter) (D:13)
  24 ogres
  6 wolves (Lair:1)
  3 centaurs
  2 kobold brigands
  2 necrophages
  9 bullfrogs
  10 scorpions
  7 wights
  Dowan (D:7)
  17 killer bees
  An electric eel (Lair:1)
  2 vampire bats (Lair:4)
  6 howler monkeys
  A hound (D:7)
  15 jellies
  9 orc priests
  An iron imp (D:4)
  3 iguanas
  21 orc wizards
  Ijyb (D:4)
  11 hell rats
  5 adders
  6 gnolls (D:2)
  3 white imps
  2 ufetubi (D:7)
  5 dart slugs
  50 orcs
  3 ball pythons
  6 endoplasms
  5 giant cockroaches
  6 goblins
  3 hobgoblins
  16 kobolds
  2 quokkas
  22 bats
  5 frilled lizards
  6 rats
775 creatures vanquished.

Vanquished Creatures (collateral kills)
  An ugly thing (D:12)
  2 vampire mosquitoes (D:12)
  A phantom (D:5)
  2 orcs (D:12)
6 creatures vanquished.

Vanquished Creatures (others)
  16 fungi
  13 plants
29 creatures vanquished.

Grand Total: 810 creatures vanquished

Table legend:
 A = Non-vault XP
 B = Vault XP
 C = Vault XP percentage of total XP
 D = Non-vault monster count
 E = Vault monster count
 F = Vault count percentage of total count
                 A         B        C        D         E       F
            +---------+---------+-------+---------+---------+-------
      Total |  163997 |   49664 |  23.2 |     599 |     182 |  23.3
            +---------+---------+-------+---------+---------+-------
        D:1 |      21 |       4 |  16.0 |      10 |       1 |   9.1
        D:2 |     114 |       0 |   0.0 |      23 |       0 |   0.0
        D:3 |      41 |       0 |   0.0 |      16 |       0 |   0.0
        D:4 |     192 |     103 |  34.9 |       8 |       7 |  46.7
        D:5 |     320 |       0 |   0.0 |       6 |       0 |   0.0
        D:6 |     780 |       0 |   0.0 |      16 |       0 |   0.0
        D:7 |    1101 |    1388 |  55.8 |      25 |      22 |  46.8
        D:8 |    2041 |    1294 |  38.8 |      23 |       2 |   8.0
        D:9 |    2080 |     277 |  11.8 |      29 |       1 |   3.3
       D:10 |    2032 |       0 |   0.0 |      11 |       0 |   0.0
       D:11 |    4636 |     712 |  13.3 |      15 |      16 |  51.6
       D:12 |    6835 |       0 |   0.0 |      27 |       0 |   0.0
       D:13 |    7491 |       0 |   0.0 |      17 |       0 |   0.0
       D:14 |    6903 |     803 |  10.4 |      17 |       9 |  34.6
       D:15 |    4975 |       0 |   0.0 |       9 |       0 |   0.0
     Lair:1 |    4291 |    1608 |  27.3 |      22 |       3 |  12.0
     Lair:2 |    6449 |    1167 |  15.3 |      18 |       2 |  10.0
     Lair:3 |    7976 |       0 |   0.0 |      18 |       0 |   0.0
     Lair:4 |    7882 |    1708 |  17.8 |      30 |      25 |  45.5
     Lair:5 |    9504 |   11715 |  55.2 |      29 |      27 |  48.2
   Spider:1 |   14886 |    1967 |  11.7 |      37 |       6 |  14.0
   Spider:2 |   14316 |    3390 |  19.1 |      43 |       9 |  17.3
   Spider:3 |   14962 |    1133 |   7.0 |      28 |       1 |   3.4
   Spider:4 |   10299 |    4908 |  32.3 |      27 |      13 |  32.5
    Slime:1 |    2641 |       0 |   0.0 |       6 |       0 |   0.0
    Slime:2 |    8968 |       0 |   0.0 |      13 |       0 |   0.0
    Slime:3 |    7782 |       0 |   0.0 |      19 |       0 |   0.0
    Slime:4 |    7821 |    1258 |  13.9 |      13 |       1 |   7.1
    Slime:5 |    3271 |       0 |   0.0 |       5 |       0 |   0.0
      Orc:1 |    1497 |    1280 |  46.1 |      26 |       2 |   7.1
      Orc:2 |    1890 |   14949 |  88.8 |      13 |      35 |  72.9
            +---------+---------+-------+---------+---------+-------

Illustrated notes

Table legend:
 A = Kills in this place as a percentage of kills in entire the game.
 B = Kills by you in this place as a percentage of kills by you in the entire game.
 C = Kills by friends in this place as a percentage of kills by friends in the entire game.
 D = Other kills in this place as a percentage of other kills in the entire game.
 E = Experience gained in this place as a percentage of experience gained in the entire game.
 F = Experience gained in this place divided by the number of levels of this place that you have seen.
                   A       B       C       D       E      F
               +-------+-------+-------+-------+-------+----------------------
         Total | 100.0 | 100.0 | 100.0 |   N/A | 100.0 | 6892.3
       Dungeon |  39.7 |  39.2 | 100.0 |   N/A |  20.7 | 2942.9
          Lair |  22.3 |  22.5 |   0.0 |   N/A |  24.5 | 10460.0
   Spider Nest |  21.0 |  21.2 |   0.0 |   N/A |  30.8 | 16465.2
    Slime Pits |   7.3 |   7.4 |   0.0 |   N/A |  14.9 | 6348.2
  Orcish Mines |   9.7 |   9.8 |   0.0 |   N/A |   9.2 | 9808.0
               +-------+-------+-------+-------+-------+----------------------

Table legend: (Time is in decaauts)
 A = Elapsed time spent in this place.
 B = Non-inter-level travel time spent in this place.
 C = Inter-level travel time spent in this place.
 D = Time resting spent in this place.
 E = Time spent auto-exploring this place.
 F = Levels seen in this place.
 G = Mean time per level.
                   A        B        C        D        E       F      G
               +--------+--------+--------+--------+--------+-----+--------+
         Total |  46658 |  44872 |   1786 |  15988 |  22762 |  31 | 1505.1 |
       Dungeon |  21368 |  20538 |    830 |   6492 |  11450 |  15 | 1424.5 |
          Lair |  11547 |  10985 |    562 |   3594 |   6252 |   5 | 2309.4 |
   Spider Nest |   7510 |   7275 |    235 |   3081 |   2977 |   4 | 1877.5 |
    Slime Pits |   3225 |   3179 |     46 |   2336 |     49 |   5 |  645.0 |
  Orcish Mines |   3006 |   2896 |    110 |    485 |   2034 |   2 | 1503.0 |
               +--------+--------+--------+--------+--------+-----+--------+

Top non-repeatable levels by time:
Spider:3: 3469 daAuts
  Lair:5: 2987 daAuts
  Lair:2: 2859 daAuts
     D:7: 2703 daAuts
Spider:2: 2297 daAuts
  Lair:4: 2164 daAuts
  Lair:1: 2107 daAuts
    D:11: 2037 daAuts
   Orc:2: 1998 daAuts
    D:12: 1947 daAuts
     D:6: 1720 daAuts
     D:4: 1614 daAuts
     D:1: 1502 daAuts
    D:14: 1476 daAuts
  Lair:3: 1429 daAuts
